 Dungeon Crawl Stone Soup version 0.27.1-33-g824d729ab1 (webtiles) character file.

Game seed: 11797430527338658383

2809 demibob the Cleaver (level 9, 0/78 HPs)
             Began as a Hill Orc Gladiator on Dec 9, 2021.
             Was a Follower of Kikubaaqudgha.
             Slain by a killer bee (7 damage)
             ... on level 7 of the Dungeon.
             The game lasted 00:09:39 (6982 turns).

demibob the Cleaver (Hill Orc Gladiator)            Turns: 6982, Time: 00:09:40

Health: 0/78       AC: 12    Str: 19    XL:     9   Next: 72%
Magic:  9/9        EV: 11    Int:  8    God:    Kikubaaqudgha [*.....]
Gold:   226        SH:  0    Dex: 13    Spells: 8/8 levels left

rFire    . . .     SeeInvis .   a - +0 war axe
rCold    . . .     Faith    .   (no shield)
rNeg     . . .     Spirit   .   c - +2 ring mail {Will+}
rPois    .         Reflect  .   (helmet restricted)
rElec    .         Harm     .   e - +0 cloak
rCorr    .         Rampage  .   (no gloves)
Will     +....                  j - +2 pair of boots
Stlth    +.........             (no amulet)
HPRegen  0.23/turn              (no ring)
MPRegen  0.11/turn              (no ring)

@: lethally poisoned (0 -> -5), about to teleport
A: horns 1, MP-powered wands
a: Renounce Religion, Receive Corpses


You were on level 7 of the Dungeon.
You worshipped Kikubaaqudgha.
Kikubaaqudgha was aware of your devotion.
You visited 2 branches of the dungeon, and saw 10 of its levels.

You collected 394 gold pieces.
You spent 168 gold pieces at shops.


Innate Abilities, Weirdness & Mutations

You have a pair of small horns on your head.
You expend magic power (3 MP) to strengthen your wands.


   Skills:
 + Level 6.6 Fighting
 + Level 13.8 Axes
 - Level 1.7 Throwing
 - Level 3.6 Armour
 - Level 2.4 Dodging
 - Level 4.0 Shields
 + Level 1.1 Necromancy


You had 8 spell levels left.
You didn't know any spells.
Your spell library contained the following spells:

 Spells                   Type           Power      Damage    Failure   Level
 Animate Skeleton         Necr           2%         N/A       43%         1
 Pain                     Necr           4%         1d4       43%         1
 Sublimation of Blood     Necr           0%         N/A       56%         2
 Beastly Appendage        Tmut           0%         N/A       58%         1
 Foxfire                  Conj/Fire      0%         2x1d4     58%         1
 Corpse Rot               Necr/Air       N/A        N/A       65%         2
 Ensorcelled Hibernation  Hex/Ice        0%         N/A       73%         2
 Poisonous Vapours        Pois/Air       0%         N/A       73%         2
 Wereblood                Tmut           0%         N/A       73%         2
 Vampiric Draining        Necr           0%         2d6       80%         3
 Conjure Flame            Conj/Fire      0%         6-21      91%         3
 Inner Flame              Hex/Fire       0%         N/A       91%         3
 Spider Form              Tmut/Pois      0%         N/A       91%         3
 Freezing Cloud           Conj/Ice/Air   0%         6-21      100%        5
 Shadow Creatures         Summ           N/A        N/A       100%        6

Inventory:

Hand Weapons
 a - a +0 war axe (weapon)
Missiles
 d - a throwing net (quivered) {=f}
 f - 64 poisoned darts
Armour
 b - a +0 leather armour
 c - a +2 ring mail of willpower (worn)
 e - a +0 cloak (worn)
 j - a +2 pair of boots (worn)
 p - the +0 buckler of Purch {Harm rF++ Str+3 Dex-4}
   (You found it on level 4 of the Dungeon)

   Str:       It affects your strength (+3).
   Dex:       It affects your dexterity (-4).
   rF:        It greatly protects you from fire.
   Harm:      It increases damage dealt and taken.
 r - the +2 chain mail of Chimes {Stlth+}
   (You found it on level 9 of the Dungeon)

   Stlth:     It makes you more stealthy.
Jewellery
 i - a +6 ring of intelligence
 I - a +6 ring of intelligence
Wands
 l - a wand of polymorph (8)
 o - a wand of acid (10)
Scrolls
 g - 2 scrolls of teleportation {@r2}
 h - 5 scrolls of identify {@r1}
 k - 2 scrolls of enchant armour
Potions
 m - a potion of brilliance
 n - a potion of lignification
 q - a potion of haste {unknown}
 s - a potion of heal wounds {unknown}

Dungeon Overview and Level Annotations

Branches:
Dungeon (9/15)             Temple (1/1) D:5
   Lair: D:8-11         Orc: D:9-12

Altars:
Dithmenos
Kikubaaqudgha
Qazlal
Ru
Trog
Xom
Zin
Beogh

Shops:
D:1 (   D:2 *   D:4 :

Annotations:
D:3 3 runed translucent doors, Adrian566's ghost, amateur HuCj

## ..[ ...#
..>.# ....##
#...###########
#†.##........
#..#y.....#
##.y@.....#
###y.....# ###
##.....##
#.###......#
#..........###
#............#
#.......†....#
#............#
#....[.....>.###


You could see 3 killer bees.


Message History

You barely miss the killer bee.
You feel sick.
The killer bee stings you but does no damage.
The killer bee misses you.
The killer bee stings you but does no damage.
Okay, then.
As you read the scroll of teleportation {@r2}, it crumbles to dust.
You feel strangely unstable.
You feel sick.
The killer bee stings you but does no damage.
The killer bee barely misses you. The killer bee stings you.
* * * LOW HITPOINT WARNING * * *
The killer bee stings you but does no damage. x2
The killer bee closely misses you.
You closely miss the killer bee.
The killer bee is severely wounded.
You slash the killer bee! You closely miss the killer bee.
You feel sick.
The killer bee stings you but does no damage.
The killer bee stings you.
* * * LOW HITPOINT WARNING * * *
The killer bee closely misses you. The killer bee stings you.
* * * LOW HITPOINT WARNING * * *
You feel better. The killer bee stings you.
* * * LOW HITPOINT WARNING * * *
You are poisoned.
The killer bee poisons you! The killer bee stings you.
* * * LOW HITPOINT WARNING * * *
The killer bee stings you.
* * * LOW HITPOINT WARNING * * *
The killer bee closely misses you. The killer bee stings you!
You die...
Kikubaaqudgha rasps: "You have failed me!
Welcome... death!"

Skill      XL: |  1  2  3  4  5  6  7  8  9 |
---------------+----------------------------+-----
Armour         | 1 2 3 |  3.6
Axes           | 5 6 7 8 10 12 13 | 13.8
Shields        | 3 4 |  4.0
Fighting       | 3 6 |  6.6
Necromancy     | 1 |  1.1
Throwing       | |  1.7
Dodging        | |  2.4

Action                   |  1- 3 |  4- 6 |  7- 9 || total
-------------------------+-------+-------+-------++-------
Melee: War axe           |   105 |   101 |   180 ||   386
       Unarmed           |       |    16 |       ||    16
       Headbutt          |       |     1 |    40 ||    41
Throw: Throwing net      |       |       |     2 ||     2
Evoke: Wand              |       |       |     4 ||     4
  Use: Scroll            |     2 |     5 |     7 ||    14
       Potion            |       |     1 |     4 ||     5
 Stab: Sleeping          |     1 |       |       ||     1
       Confused          |       |     1 |       ||     1
       Held in net/web   |       |       |     1 ||     1
Armor: Leather armour    |    42 |    38 |     5 ||    85
       Skin              |       |     1 |       ||     1
       Ring mail         |       |       |    96 ||    96
Dodge: Dodged            |    68 |    66 |   140 ||   274

Levels and vault maps discovered:
D:1:      scummos_arrival_simple_crosswalls, layout_loops_cross, serial_shops,
          nicolae_lakefront_shop
D:2:      minmay_roachtagon, layout_loops_corners, serial_shops,
          nicolae_square_shop
D:3:      layout_basic, biasface_ghost_orc_armoury,
          hellmonk_ecumenical_altar_run_dry, minmay_misc_feat_encased
D:4:      layout_basic, serial_shops, nicolae_stop_n_shop_2, minivault_25,
          grunt_decor_cap, uniq_blork_the_orc, uniq_robin, uniq_sigmund
D:5:      layout_cave_pools, minmay_temple_entry_ruins
D:6:      layout_rooms, minivault_19
D:7:      layout_rooms, kennysheep_mini, serial_aquarium,
          aquarium_bridge_long_joined [aquarium_subvault_bridge,
          aquarium_subvault_wall, aquarium_subvault_window,
          aquarium_subvault_window, aquarium_subvault_bridge,
          aquarium_subvault_bridge], aquarium_window_1, aquarium_window_fake,
          aquarium_window_fake, aquarium_window_fake, aquarium_view_2b,
          aquarium_pool_2, uniq_crazy_yiuf_cottage
D:8:      nzn_winding_woodlands_small [nzn_winding_woodlands_5x15_eye,
          nzn_winding_woodlands_center_garden, nzn_winding_woodlands_5x15_pool],
          layout_basic
D:9:      layout_grid_maze, hangedman_abyss_or_decor_passed, uniq_prince_ribbit1
Temple:   minmay_crystal_snake_temple

Notes
Turn   | Place    | Note
-------+----------+-------------------------------------------
     0 | D:1      | demibob the Hill Orc Gladiator began the quest for the Orb.
     0 | D:1      | Reached XP level 1. HP: 18/18 MP: 1/1
   157 | D:1      | Reached skill level 1 in Armour
   166 | D:1      | Reached XP level 2. HP: 15/25 MP: 2/2
   754 | D:1      | Found Tamikeh's Weapon Shoppe.
  1208 | D:2      | Found Omiach's Assorted Antiques.
  1274 | D:2      | Reached XP level 3. HP: 30/30 MP: 3/3
  1425 | D:2      | Reached skill level 2 in Armour
  1587 | D:2      | Reached skill level 5 in Axes
  1950 | D:2      | You fall into a shaft and drop 2 floors!
  1958 | D:4      | Reached XP level 4. HP: 32/37 MP: 4/4
  2018 | D:4      | Noticed a phantom
  2031 | D:4      | Killed a phantom
  2032 | D:4      | Reached skill level 6 in Axes
  2032 | D:4      | Reached skill level 3 in Armour
  2032 | D:4      | Reached XP level 5. HP: 30/42 MP: 5/5
  2798 | D:3      | Found a faded altar of an unknown god.
  2905 | D:3      | Found a runed translucent gate.
  2905 | D:3      | Found a runed translucent gate.
  2905 | D:3      | Found a runed translucent gate.
  2907 | D:3      | Noticed Adrian566's ghost (amateur HuCj)
  2911 | D:3      | Found a roughly hewn altar of Beogh.
  2956 | D:3      | Reached skill level 7 in Axes
  3655 | D:4      | Reached XP level 6. HP: 47/50 MP: 6/6
  3706 | D:4      | Noticed Robin
  3723 | D:4      | Killed Robin
  3886 | D:4      | Found Woqeetwe's Book Shop.
  3892 | D:4      | Noticed Sigmund
  3910 | D:4      | Gained mutation: You expend magic power (3 MP) to
                  | strengthen your wands. [potion of mutation]
  3910 | D:4      | Gained mutation: You have a pair of small horns on your
                  | head. [potion of mutation]
  3911 | D:4      | Killed Sigmund
  3912 | D:4      | Reached skill level 8 in Axes
  4152 | D:4      | Reached XP level 7. HP: 50/56 MP: 7/7
  4162 | D:4      | Reached skill level 9 in Axes
  4362 | D:4      | Noticed Blork the orc
  4372 | D:4      | Killed Blork the orc
  4411 | D:4      | Identified the +0 buckler of Purch {Harm rF++ Str+3 Dex-4}
  4574 | D:5      | Entered Level 5 of the Dungeon
  4723 | D:2      | Bought a glowing ring mail for 168 gold pieces
  4836 | D:5      | Reached skill level 1 in Shields
  4845 | D:5      | Identified the +7 long sword "Nudep" {vorpal, rN++ Int-3
                  | Dex+5}
  4855 | D:5      | Reached skill level 10 in Axes
  4951 | D:5      | Found a staircase to the Ecumenical Temple.
  4959 | D:5      | Reached skill level 2 in Shields
  4960 | Temple   | Entered the Ecumenical Temple
  4995 | Temple   | Became a worshipper of Kikubaaqudgha
  5205 | D:5      | Reached skill level 3 in Shields
  5205 | D:5      | Reached XP level 8. HP: 53/62 MP: 8/8
  5695 | D:6      | Reached skill level 4 in Shields
  5708 | D:6      | Reached skill level 11 in Axes
  5930 | D:6      | You fall into a shaft and drop 3 floors!
  5979 | D:9      | Identified the +2 chain mail of Chimes {Stlth+}
  6121 | D:9      | Noticed a wraith
  6124 | D:9      | Killed a wraith
  6125 | D:9      | Reached skill level 12 in Axes
  6182 | D:9      | Noticed Prince Ribbit
  6194 | D:9      | Killed Prince Ribbit
  6195 | D:9      | Reached skill level 3 in Fighting
  6195 | D:9      | Reached XP level 9. HP: 41/70 MP: 2/9
  6350 | D:9      | Noticed a two-headed ogre
  6364 | D:9      | Killed a two-headed ogre
  6365 | D:9      | Reached skill level 5 in Fighting
  6365 | D:9      | Reached skill level 13 in Axes
  6886 | D:7      | Reached skill level 6 in Fighting
  6896 | D:7      | Reached * piety under Kikubaaqudgha
  6896 | D:7      | Received a gift from Kikubaaqudgha
  6969 | D:7      | Reached skill level 1 in Necromancy
  6982 | D:7      | HP: 7/78 [killer bee (5)]
  6982 | D:7      | Slain by a killer bee

Vanquished Creatures
  A two-headed ogre (D:9)
  Prince Ribbit (D:9)
  Sigmund (D:4)
  A wraith (D:9)
  A yak (D:7)
  2 sky beasts
  2 ogres (D:5)
  2 centaurs
  2 phantoms
  A bullfrog (D:7)
  Blork the orc (D:4)
  A kobold brigand (D:5)
  2 killer bees (D:7)
  2 centaur zombies
  A hound (D:6)
  An orc priest (D:3)
  A jelly (D:6)
  A gnoll shaman (D:9)
  A bullfrog skeleton (D:5)
  2 iguanas
  A scorpion zombie (D:5)
  An orc wizard (D:4)
  A hound skeleton (D:4)
  Robin (D:4)
  A howler monkey skeleton (D:7)
  5 gnolls (D:9)
  6 adders
  A shadow imp (D:6)
  3 worms
  A dart slug (D:5)
  11 orcs
  3 bats
  4 endoplasms
  14 giant cockroaches
  7 hobgoblins
  14 kobolds
  4 quokkas
  7 ball pythons
  4 frilled lizards
  17 goblins
  5 rats
138 creatures vanquished.

Table legend: (Time is in decaauts)
 A = Elapsed time spent in this place.
 B = Non-inter-level travel time spent in this place.
 C = Inter-level travel time spent in this place.
 D = Time resting spent in this place.
 E = Time spent auto-exploring this place.
 F = Levels seen in this place.
 G = Mean time per level.
                   A        B        C        D        E       F      G
               +--------+--------+--------+--------+--------+-----+--------+
         Total |   7016 |   6627 |    389 |    805 |   4814 |  10 |  701.6 |
       Dungeon |   6955 |   6591 |    364 |    805 |   4786 |   9 |  772.8 |
        Temple |     60 |     35 |     25 |      0 |     28 |   1 |   60.0 |
               +--------+--------+--------+--------+--------+-----+--------+

Top non-repeatable levels by time:
     D:2: 1541 daAuts
     D:4: 1310 daAuts
     D:1: 1047 daAuts
     D:9: 902 daAuts
     D:3: 888 daAuts
     D:5: 882 daAuts
     D:6: 244 daAuts
     D:7: 94 daAuts
  Temple: 60 daAuts
     D:8: 43 daAuts

Table legend:
 A = Non-vault XP
 B = Vault XP
 C = Vault XP percentage of total XP
 D = Non-vault monster count
 E = Vault monster count
 F = Vault count percentage of total count
                 A         B        C        D         E       F
            +---------+---------+-------+---------+---------+-------
      Total |    3345 |     668 |  16.6 |     113 |      25 |  18.1
            +---------+---------+-------+---------+---------+-------
        D:1 |      27 |       0 |   0.0 |      18 |       0 |   0.0
        D:2 |      55 |      18 |  24.7 |      20 |       9 |  31.0
        D:3 |      67 |       0 |   0.0 |      13 |       0 |   0.0
        D:4 |     224 |     376 |  62.7 |      20 |      15 |  42.9
        D:5 |     630 |       0 |   0.0 |      18 |       0 |   0.0
        D:6 |     396 |       0 |   0.0 |       8 |       0 |   0.0
        D:7 |     573 |       0 |   0.0 |       6 |       0 |   0.0
        D:9 |    1373 |     274 |  16.6 |      10 |       1 |   9.1
            +---------+---------+-------+---------+---------+-------
